Map: Odyssey LE

Players

RoTtiN

  • Race: Zerg Zerg
  • League: Master
  • Spawn Location: 11:00

Proxy - Winner!

  • Race: Zerg Zerg
  • League: Master
  • Spawn Location: 5:00

VOD

Have the link to the VOD?

Description

Time

  • Played on: Sept. 14, 2017, 8 p.m.
  • Length: 8:54
Show
View Real Time Build Order
Export as new Build Order

RoTtiN Zerg 

Build Orders: Hatch First, Zergling Baneling 

Get SALT Encoding   

  12  0:02  Drone  
  13  0:12  Overlord  
  13  0:19  Drone  
  14  0:30  Drone x2  
  14  0:35  Drone  
  17  0:48  Drone  
  18  0:58  Hatchery  
  18  1:02  Drone  
  18  1:04  Extractor  
  17  1:17  Spawning Pool  
  16  1:20  Drone  
  16  1:24  Drone  
  18  1:40  Drone x2  
  20  1:49  Overlord  
  20  2:04  Drone  
  20  2:07  Queen  
  23  2:08  Metabolic Boost  
  23  2:12  Zergling x2  
  23  2:14  Queen  
  26  2:17  Drone  
  27  2:23  Drone  
  27  2:26  Drone  
  29  2:35  Drone  
  29  2:36  Drone, Baneling Nest  
  30  2:43  Drone x2  
  32  2:59  Hatchery  
  31  3:07  Drone x2  
  31  3:08  Drone x2  
  34  3:18  Overlord  
  34  3:19  Overlord  
  34  3:20  Drone  
  34  3:21  Drone  
  36  3:35  Evolution Chamber  
  36  3:41  Zergling x10  
  36  3:45  Overlord  
  40  3:54  Roach Warren  
  39  3:58  Zergling x10  
  44  4:05  Baneling  
  44  4:06  Baneling x4  
  44  4:07  Zerg Melee Weapons Level 1  
  44  4:08  Drone x3  
  47  4:12  Drone x2  
  49  4:28  Zergling x2  
  49  4:29  Zergling x12  
  55  4:32  Queen  
  55  4:34  Spine Crawler  
  56  4:54  Zergling x4  
  56  4:57  Baneling x3  
  40  5:26  Zergling x10  
  40  5:27  Zergling x2  
  53  5:28  Zergling x16  
  53  5:34  Baneling x5  
  53  5:35  Baneling x3  
  51  5:37  Drone  
  51  5:42  Zergling x4  
  51  5:57  Zergling x8  
  54  6:05  Zergling x4  
  50  6:20  Zergling x6  
  50  6:21  Zergling x2  
  50  6:22  Zergling x6  
  55  6:27  Zergling x4, Lair  
  55  6:30  Extractor  
  48  6:34  Zergling x8  
  47  6:53  Zergling x2  
  47  6:54  Zergling x6  
  47  6:56  Baneling x2  
  47  6:58  Baneling x3  
  47  6:59  Drone  
  47  7:00  Drone x2  
  50  7:01  Queen  
  50  7:04  Drone  
  50  7:05  Drone x2  
  50  7:07  Extractor  
  54  7:14  Overlord  
  54  7:16  Overlord, Spine Crawler  
  54  7:19  Baneling x2  
  53  7:24  Drone x3  
  53  7:28  Extractor  
  51  7:38  Drone x3, Zergling x4  
  51  7:40  Baneling  
  51  7:41  Baneling  
  51  7:42  Baneling  
  51  7:43  Baneling  
  55  7:47  Drone x2  
  55  7:50  Drone  
  55  7:51  Drone x2  
  59  7:55  Drone x3, Hydralisk Den  
  61  8:03  Zergling x6  
  54  8:25  Zergling x16  
  54  8:26  Zergling x2  
  52  8:30  Zergling x6  
Show
View Real Time Build Order
Export as new Build Order

Proxy Zerg - Winner!

Build Orders: Pool First 

Get SALT Encoding   

  12  0:02  Drone  
  13  0:12  Overlord  
  13  0:17  Drone  
  14  0:31  Drone x2  
  16  0:36  Drone  
  17  0:55  Extractor  
  16  0:57  Drone x2, Spawning Pool  
  17  1:08  Drone  
  18  1:32  Hatchery  
  17  1:33  Drone  
  17  1:34  Drone  
  19  1:40  Overlord  
  19  1:45  Queen  
  21  1:54  Metabolic Boost  
  21  2:00  Drone  
  22  2:03  Drone  
  23  2:12  Drone  
  24  2:20  Baneling Nest  
  23  2:23  Queen  
  23  2:27  Drone  
  26  2:38  Zergling x2  
  26  2:43  Queen  
  29  2:47  Drone x2  
  31  2:55  Overlord  
  31  3:15  Evolution Chamber  
  31  3:16  Drone  
  31  3:17  Hatchery  
  31  3:19  Drone x2  
  32  3:20  Drone  
  32  3:24  Drone  
  34  3:37  Zergling x10  
  39  3:49  Zergling x6  
  39  3:53  Zergling x4  
  44  3:55  Zerg Melee Weapons Level 1  
  44  4:02  Overlord  
  44  4:03  Baneling x2  
  44  4:12  Baneling  
  44  4:13  Baneling  
  44  4:17  Baneling  
  44  4:19  Baneling  
  44  4:20  Baneling  
  44  4:21  Overlord  
  44  4:22  Overlord x2, Zergling x4  
  46  4:30  Queen  
  48  4:31  Zergling x2  
  49  4:42  Zergling x10  
  54  4:51  Zergling x8  
  58  5:06  Zergling x4  
  58  5:07  Zergling x12  
  50  5:23  Overlord  
  50  5:24  Overlord, Zergling x4  
  50  5:26  Zergling x6  
  52  5:31  Zergling x4  
  52  5:32  Baneling x2  
  52  5:34  Zergling x2  
  55  5:46  Baneling, Zergling x8  
  55  5:47  Zergling x2  
  55  5:49  Baneling  
  60  5:50  Baneling x3  
  60  5:57  Zergling x6  
  52  6:14  Zergling x8  
  50  6:22  Zergling x8  
  50  6:26  Zergling x10  
  52  6:34  Overlord, Zergling x2  
  52  6:35  Zergling x2  
  52  6:38  Baneling x2  
  52  6:39  Zergling x4  
  45  6:48  Zergling x4  
  44  6:54  Zergling x4  
  44  7:00  Zerg Ground Armor Level 1  
  47  7:01  Zergling x6  
  47  7:05  Baneling x4  
  48  7:12  Zergling x6  
  51  7:18  Zergling x6  
  54  7:23  Baneling x2  
  54  7:27  Zergling x6  
  55  7:40  Zergling x12  
  61  7:50  Baneling x2  
  59  7:53  Zergling x4  
  59  7:56  Baneling x2  
  61  8:02  Zergling x14  
  61  8:18  Zergling x6  
  60  8:27  Zergling x8  
  60  8:31  Zergling x8  
Tags
 
Add a new tag
Caveats
  • Supply blocks, unpowered buildings, or Contaminate may cause inaccurate times.
  • Supply counts are checked every 10 seconds.